cohdb
Replays
Latest Replays
All Replays
Popular Replays
Top Player Replays
Match Explorer
How It Works
Community
CoH3 Stats
Reddit
Sign in to upload your games and track your stats! →
Sign in with Steam
Match 38817005
Unlisted
Match 38817005
Overview
Messages
Build Orders
End
Construct Weapon Support Center
Engineer Squad
Selects Armored Battlegroup
Selects Assault Engineers
M1919 Machine Gun Team
Assault Engineer Squad
Assault Engineer Squad
Air Support Center
M3 Armored Personnel Carrier
Grasshopper Recon Run
M3 Armored Personnel Carrier
Air Supply
Grasshopper Recon Run
M3 Armored Personnel Carrier
Double Sortie
Grasshopper Recon Run
Mortar Pit
P-47 Strafing Run
Mortar Pit
Grasshopper Recon Run
Assault Engineer Squad
Assault Engineer Squad
Selects Strength in Steel
Selects M8 Scott SPG
Construct Tank Depot
Selects UNKNOWN (2160077)
Grasshopper Recon Run
P-47 Dive Bomb
P-47 Strafing Run
Mortar Pit
P-47 Dive Bomb
Air Supremacy
Grasshopper Recon Run
Mortar Pit
Grasshopper Recon Run
M4A3E8 Sherman Easy Eight
P-47 Strafing Run
M4A3E8 Sherman Easy Eight
Grasshopper Recon Run
P-47 Dive Bomb
M1919 Machine Gun Team
M1919 Machine Gun Team
Grasshopper Recon Run
P-47 Dive Bomb
Assault Engineer Squad
M4A3E8 Sherman Easy Eight
Grasshopper Recon Run
P-47 Strafing Run
Grasshopper Recon Run
P-47 Dive Bomb
Grasshopper Recon Run
M4A3E8 Sherman Easy Eight
P-47 Strafing Run
Assault Engineer Squad
Grasshopper Recon Run
Selects M31 Recovery Vehicle
Selects War Machine
M4A3E8 Sherman Easy Eight
Honey
khj
Zebra
sheep
skIppo
Cyber Strategic Hans Landa BOB
Der Affe auf der Giraffe!
dajige
0
0
Comments
sign in to comment!
No comments posted yet!